[Event "Late-Titled-Tuesday-Blitz-September-19-2023"]
[Site "Chess.com"]
[Date "2023.09.19"]
[Round "1"]
[White "Dewarfd"]
[Black "Djager97"]
[Result "0-1"]
[WhiteElo "2200"]
[BlackElo "2537"]
[TimeControl "180+1"]
[EndTime "14:07:56 PDT"]
[Termination "Djager97 won by resignation"]

1. d4 d5 2. e3 Nf6 3. Nf3 c5 4.
dxc5 Nc6 5. Bb5 e6 6. O-O Bxc5 7. a3 O-O 8. b4 Bd6 9. Bb2 a6 10. Bxc6 bxc6 11. c4 a5 12. c5 Bc7 13. Ne5 Ba6 14. Re1 Bxe5 15. Bxe5 axb4 16. axb4 Nd7 17. Bd6 Re8 18. Nc3 Bc4 19. Rxa8 Qxa8 20. Qa1 Qb7 21. Qb2 Ra8 22. Ra1 f6 23. Rxa8+ Qxa8 24.
h3 Qa6 25. Qc2 g6 26. Qa4 Kf7 27. Qxa6 Bxa6 28. f3 e5 29. Kf2 Ke6 30. Ke1 d4 31.
exd4 exd4 32. Nb1 Kd5 33. Na3 Ne5 34. Bxe5 fxe5 35. Kd2 Bf1 36. g3 Bxh3 37. Ke2 Bc8 38. Kf2 Ba6 39. Ke1 e4 40. fxe4+ Kxe4 41. Kd2 h5 42. b5 cxb5 43. c6 Kd5 44. c7 Kc6 45. Nxb5 Kxb5 46. Kd3 Kc6+ 47. Kxd4 Kxc7 48. Ke5 Be2 49.
Kf6 Bg4 50. Kxg6 Kd6 51. Kg5 Ke5 52. Kh4 Ke4 53. Kg5 Kf3 54. Kh4 Kg2 55. Kg5 Kxg3 56. Kf6 h4 57. Ke5 h3 0-1

[Event "Late-Titled-Tuesday-Blitz-September-19-2023"]
[Site "Chess.com"]
[Date "2023.09.19"]
[Round "1"]
[White "DefiantChair"]
[Black "Aleksandar-Topalov"]
[Result "0-1"]
[WhiteElo "2602"]
[BlackElo "2353"]
[TimeControl "180+1"]
[EndTime "14:07:57 PDT"]
[Termination "Aleksandar-Topalov won by resignation"]

1. e4 e6 2. d4 d5 3. Nd2 Nf6 4. e5 Ng8 5. Bd3 Ne7 6. f4 h5 7. Ndf3 g6 8. Ne2 Qd7 9. Be3 b6 10. Qd2 Ba6 11. g3 Bxd3 12. Qxd3 Nf5 13. Bf2 c5 14. c3 Nc6 15. O-O Be7 16. dxc5 bxc5 17. c4 d4 18. Nd2 Rb8 19. b3 Nb4 20. Qe4 O-O 21. Rfd1 Rfd8 22. Nf3 Qb7 23. Qxb7 Rxb7 24. Rd2 a5 25. Nc1 a4 26. Ne1 Ra8 27. Rb1 axb3 28. axb3 Rba7 29. Ncd3 Nxd3 30. Nxd3 Ra1 31. Rdd1 R1a2 32.
Nb2 Rb8 33. Na4 Ra3 34. h3 Raxb3 35. Rxb3 Rxb3 36. Kg2 Rb4 37. Ra1 Rxc4 38. Nb6 Rc2 39. Ra8+ Kg7 40. Kf3 d3 41. Ra1 d2 42. Rd1 c4 43. Na4 c3 44. Ke2 Bb4 45. Kd3 Ra2 46.
Nxc3 Ra3 47. Kxd2 Bxc3+ 48. Ke2 Ra2+ 49. Kf3 Ra3 50. Kg2 Ra2 51. g4 hxg4 52. hxg4 Ne3+ 53. Kf3 Nxd1 0-1

[Event "Late-Titled-Tuesday-Blitz-September-19-2023"]
[Site "Chess.com"]
[Date "2023.09.19"]
[Round "1"]
[White "YEIKO2017"]
[Black "Korchmar_Vasiliy"]
[Result "0-1"]
[WhiteElo "2440"]
[BlackElo "2749"]
[TimeControl "180+1"]
[EndTime "14:07:58 PDT"]
[Termination "Korchmar_Vasiliy won by resignation"]

1. e4 c5 2. Nf3 d6 3. d4 cxd4 4. Nxd4 Nf6 5. Nc3 Nc6 6. Bg5 Bd7 7. Bxf6 gxf6 8. Be2 Rg8 9. O-O Bh6 10. Nf5 Bxf5 11. exf5 Bf4 12. g3 Be5 13. Nd5 Qd7 14. c3 e6 15. fxe6 fxe6 16. Bh5+ Kd8 17. Ne3 f5 18.
Nc4 Kc7 19. b4 Bxc3 20. b5 Ne5 21. Rc1 Nxc4 22. Rxc3 d5 23. a4 Rac8 24. Qd4 Kb8 25. Rfc1 e5 26. Qd3 Rgd8 27. h3 f4 28. Bg4 Qf7 29. Bxc8 Rxc8 30. g4 h5 31. f3 hxg4 32. hxg4 Rh8 33. Rxc4 dxc4 34. Qd6+ Ka8 35. Qxe5 Qh7 36.
Qh5 Qg7 37. Rxc4 Qa1+ 38. Kg2 Qb2+ 39. Kf1 Qb1+ 40. Ke2 Qa2+ 41. Kd3 Qb1+ 42. Kd4 Qd1+ 43. Ke5 Qe1+ 44. Kxf4 Rf8+ 45. Kg5 Qe7+ 46. Kg6 Qf7+ 47. Kg5 Qxc4 48. Qg6 Qc8 49. f4 Rg8 50. f5 Rxg6+ 51.
fxg6 Qg8 52. Kh6 Kb8 53. g7 Kc7 0-1

[Event "Late-Titled-Tuesday-Blitz-September-19-2023"]
[Site "Chess.com"]
[Date "2023.09.19"]
[Round "1"]
[White "Dontmesswithme_2"]
[Black "greekplayer1"]
[Result "0-1"]
[WhiteElo "2416"]
[BlackElo "2706"]
[TimeControl "180+1"]
[EndTime "14:07:58 PDT"]
[Termination "greekplayer1 won by resignation"]

1. d4 d6 2. e4 c6 3. c4 g6 4. Nc3 Bg7 5. Nge2 c5 6. d5 Nf6 7. f3 O-O 8. Bg5 a6 9. a4 Nbd7 10. Qd2 Ne5 11. Ng3 Qa5 12. Ra3 Qb4 13. Qc2 h6 14. Bd2 Qb6 15. a5 Qc7 16. Na4 Ned7 17. Be2 h5 18. O-O h4 19. Nh1 Nh5 20. Be3 Qxa5 21.
Nxc5 Qc7 22. Nxd7 Bxd7 23. f4 Rac8 24. Nf2 b5 25. Rxa6 bxc4 26. Rfa1 Qb7 27. Ra7 Qxb2 28. Qxb2 Bxb2 29. Rb1 c3 30. Rxd7 Rb8 31. Bd3 Rbc8 32. Bc2 Rfe8 33. Nd1 Ba3 34. Rb3 Bc5 35. Bxc5 Rxc5 36.
f5 gxf5 37. exf5 Nf4 38. Kf2 Nxd5 39. Ra7 e5 40. fxe6 Rxe6 41. Ra4 Rf6+ 42. Ke2 Nf4+ 43. Kf3 Ne6+ 44. Ke2 Re5+ 45. Kd3 Nc5+ 46. Kc4 Rf4+ 47. Kxc3 Nxa4+ 48. Kd2 Nc5 49. Rb8+ Kg7 50. Nc3 Rd4+ 51.
Kc1 Rc4 52. Kb2 Re3 53. Nd5 Re2 54. Nb4 Rxb4+ 55. Rxb4 Nd3+ 56. Kc3 Nxb4 57. Bd1 Re1 58. Bf3 Na6 59. h3 Re5 60. Kd3 Nc5+ 61. Kd4 Ne6+ 62.
Kc4 Ng5 63. Kd4 Nxf3+ 0-1

[Event "Late-Titled-Tuesday-Blitz-September-19-2023"]
[Site "Chess.com"]
[Date "2023.09.19"]
[Round "1"]
[White "imdarealist"]
[Black "ValeriyGrinev"]
[Result "0-1"]
[WhiteElo "2251"]
[BlackElo "2555"]
[TimeControl "180+1"]
[EndTime "14:07:59 PDT"]
[Termination "ValeriyGrinev won on time"]

1. d4 Nf6 2. Bf4 c5 3. e3 Qb6 4.
Na3 d5 5. Nb5 Na6 6. Nf3 Bd7 7.
a4 e6 8. c3 Nh5 9. Be5 f6 10. dxc5 Bxc5 11. Bd4 g6 12. Be2 O-O 13. O-O Rad8 14. a5 Qc6 15. Nxa7 Bxa7 16. Bxa7 e5 17.
Qb3 Nc5 18. Bxc5 Qxc5 19. Rfd1 Bc6 20. Nd2 Ng7 21. c4 d4 22. exd4 Rxd4 23. Nf3 Rg4 24. h3 Re4 25. Bd3 Rf4 26. Be2 Nf5 27. Rf1 Bxf3 28. Bxf3 Nd4 29. Qxb7 Nxf3+ 30. gxf3 Rxc4 31.
a6 Rb4 32. Qd7 Rd4 33. Qe6+ Kg7 34. a7 Rdd8 35. Rfc1 Qd4 36. Rc7+ Kh6 37. Qe7 Qxb2 38. Qxh7+ Kg5 39. Re1 Qd2 40. Rec1 Qf4 41. Qe7 Qxf3 42. Qc5 Qxh3 43. Qe3+ Qxe3 44. fxe3 Ra8 45. Rb1 Kf5 46. Rbb7 Ke4 47. Kf2 Rh8 48. Rb4+ Kf5 49. Rbb7 Rh2+ 50. Kf3 Ra2 51. Rg7 g5 52. Rbe7 Ra4 53. e4+ Rxe4 54. Rgf7 Ra4 55. Rb7 Ra3+ 56. Ke2 g4 57. Rg7 Kf4 58.
Rgf7 f5 59. Kf2 Ra2+ 0-1

[Event "Late-Titled-Tuesday-Blitz-September-19-2023"]
[Site "Chess.com"]
[Date "2023.09.19"]
[Round "1"]
[White "GoltsevDmitry2000"]
[Black "Sacbutt"]
[Result "1-0"]
[WhiteElo "2651"]
[BlackElo "2373"]
[TimeControl "180+1"]
[EndTime "14:08:00 PDT"]
[Termination "GoltsevDmitry2000 won by checkmate"]

1. e4 c5 2. Nf3 d6 3. d4 cxd4 4. Nxd4 Nf6 5. Nc3 a6 6. f3 e5 7. Nb3 Be6 8. Be3 Nbd7 9. Nd5 Nxd5 10. exd5 Bf5 11. c4 Be7 12. Qd2 O-O 13. Bd3 Bxd3 14.
Qxd3 Bg5 15. O-O Bxe3+ 16. Qxe3 Qb6 17. Qxb6 Nxb6 18. Na5 Rab8 19. Rac1 Rfc8 20. b4 f5 21. Rfd1 Nd7 22. Kf2 Kf7 23. Rc2 Rc7 24. a4 Nb6 25. c5 Rbc8 26. Rdc1 Nxd5 27. Nc4 Nxb4 28. Nxd6+ Ke6 29.
Rd2 Rxc5 30. Rb1 Rc2 31. Nxc8 Rxd2+ 32. Ke1 Rd4 33. a5 e4 34. Ke2 g6 35. Rc1 Nc6 36.
Nb6 Nxa5 37. Rc7 Rb4 38. Na8 Rb2+ 39. Ke3 exf3 40. Kxf3 Rb3+ 41. Kf2 h5 42. Rg7 Kf6 43. Rd7 Nc4 44. Nc7 Rb2+ 45. Kg3 Ne5 46. Rh7 Rb3+ 47.
Kf2 Rb2+ 48. Kg3 Rb3+ 49. Kf2 Ng4+ 50. Ke2 Nxh2 51. Nd5+ Ke5 52. Ne7 Kf6 53. Nd5+ Kg5 54. Rg7 Ng4 55. Nc7 Ne5 56. Rg8 Rc3 57. Ne6+ Kf6 58. Nf4 Rc2+ 59. Ke3 Ra2 60. Rf8+ Kg5 61. Ne6+ Kh6 62. Rh8# 1-0

[Event "Late-Titled-Tuesday-Blitz-September-19-2023"]
[Site "Chess.com"]
[Date "2023.09.19"]
[Round "1"]
[White "Journey_to_GrandMaster_YT"]
[Black "Chessdemon2019"]
[Result "1-0"]
[WhiteElo "2677"]
[BlackElo "2388"]
[TimeControl "180+1"]
[EndTime "14:08:03 PDT"]
[Termination "Journey_to_GrandMaster_YT won by resignation"]

1. d4 d5 2. Nf3 Nf6 3. c4 c6 4.
Nc3 e6 5. e3 Bd6 6. Qc2 O-O 7.
b3 b6 8. Bd3 Bb7 9. O-O Nbd7 10. Bb2 Qe7 11. Rfe1 c5 12. Rad1 Rac8 13. cxd5 Nxd5 14.
Bxh7+ Kh8 15. Be4 Nb4 16. Qb1 Nf6 17. Bxb7 Qxb7 18. Nb5 Bb8 19. dxc5 Rxc5 20. Nd6 Bxd6 21. Rxd6 Rf5 22. Red1 Rxf3 23. Rd8 Kg8 24. gxf3 Qxf3 25. Be5 Nc6 26. Rxf8+ Kxf8 27. Bg3 Nd5 28. Qc1 Nce7 29.
Re1 f5 30. Qd1 Qe4 31. Qd4 Qxd4 32. exd4 Kf7 33. Be5 Nc6 34. Rc1 Nxe5 35. dxe5 f4 36. Kg2 Kg6 37. Rc8 Kf5 38. Rg8 g5 39. Kf3 a5 40.
Rf8+ Kxe5 41. Kg4 Nf6+ 42. Kf3 g4+ 43. Ke2 Nd5 44. Rg8 Kf5 45. Rf8+ Ke4 46. Rg8 Nf6 47. Rg6 Kf5 48. Rg7 e5 49. Kd3 e4+ 50. Kd4 Nh5 51.
Rf7+ Kg5 52. Kxe4 Kh4 53. Rh7 Kg5 54. Rxh5+ Kxh5 55. Kxf4 Kh4 56. Kf5 Kh3 57. Kg5 b5 58. a3 a4 59. b4 Kxh2 60. Kxg4 Kg2 61. f4 Kf2 62. f5 Ke3 63. f6 Kd4 64. f7 Kc4 65. f8=Q Kb3 66. Qf3+ Ka2 67. Qc3 Kb1 68. Kf4 1-0

[Event "Late-Titled-Tuesday-Blitz-September-19-2023"]
[Site "Chess.com"]
[Date "2023.09.19"]
[Round "1"]
[White "enestnrvrd"]
[Black "gabduschew"]
[Result "1-0"]
[WhiteElo "2676"]
[BlackElo "2382"]
[TimeControl "180+1"]
[EndTime "14:08:04 PDT"]
[Termination "enestnrvrd won on time"]

1. Nf3 g6 2. e4 Bg7 3. d4 d6 4. Bc4 c6 5. Qe2 b5 6. Bb3 a5 7. a4 b4 8. O-O Ba6 9. Bc4 d5 10.
exd5 Bxc4 11. Qxc4 cxd5 12. Qb5+ Qd7 13. Bf4 Nc6 14.
Nbd2 Nxd4 15. Nxd4 Bxd4 16. Nb3 Qxb5 17. axb5 Bb6 18.
Bd2 Rc8 19. Nxa5 Rxc2 20. Bxb4 Nf6 21. Nc6 Kd7 22. Ra6 Rxc6 23. bxc6+ Kxc6 24. Bxe7 Ne4 25.
Raa1 Re8 26. Bb4 Kb5 27. Be1 d4 28. Rd1 Kc4 29. g3 d3 30. b3+ Kd4 31. f3 Nc3 32.
Bf2+ Re3 33. Rd2 Ne2+ 34. Kg2 Kc3 35. Rfd1 Nc1 36. Bxe3 Bxe3 37. Rxd3+ Nxd3 38. f4 Bd2 39. Kf3 f5 40. h3 Kc2 41. Rh1 Kxb3 42. Ke2 Kc2 43.
Ra1 Nc1+ 44. Kf3 Bc3 45. Ra7 h5 46. Ra6 1-0

[Event "Late-Titled-Tuesday-Blitz-September-19-2023"]
[Site "Chess.com"]
[Date "2023.09.19"]
[Round "1"]
[White "CSB7"]
[Black "ProfessorChess101"]
[Result "1/2-1/2"]
[WhiteElo "2699"]
[BlackElo "2430"]
[TimeControl "180+1"]
[EndTime "14:08:06 PDT"]
[Termination "Game drawn by agreement"]

1. Nf3 d5 2. d4 Nf6 3. Bf4 c5 4.
e3 Nc6 5. Nbd2 Nh5 6. Be5 f6 7. c4 e6 8. Bg3 cxd4 9. exd4 Nxg3 10. hxg3 dxc4 11. Bxc4 Nxd4 12. O-O Be7 13. Ne4 Nxf3+ 14. Qxf3 O-O 15. Rfe1 Kh8 16. Nc3 e5 17. Rad1 Qa5 18.
Nd5 Bb4 19. Re4 Bc5 20. Rh4 g6 21. Nxf6 Qc7 22. Nxh7 Rxf3 23. Ng5+ Kg7 24. Rh7+ Kf6 25. Rxc7 Bxf2+ 26. Kf1 Bb6+ 27. gxf3 Bxc7 28. Ne4+ Kg7 29.
Bd5 Bf5 30. g4 Bxe4 31. Bxe4 Rd8 32. Rxd8 Bxd8 33. Bxb7 Kf6 34. Be4 g5 35. Ke2 Ke7 36.
Kd3 Kd6 37. Ba8 Bb6 38. Ke4 Ke6 39. Bb7 Kd6 40. Kf5 Be3 41. Kf6 Bf4 42. Kf7 a5 43. Ke8 a4 44. Kd8 Kc5 45. Kc8 Kb4 46. Bc6 Bc1 47.
b3 axb3 48. axb3 Kxb3 49. Be4 Bf4 50. Kd7 Kb4 51. Ke6 Kc4 52. Kf5 Kd4 53. Kg6 Ke3 54. Kf5 Kf2 55. Ke6 Kg3 56. Kf5 Kf2 57. Ke6 Ke3 1/2-1/2

[Event "Late-Titled-Tuesday-Blitz-September-19-2023"]
[Site "Chess.com"]
[Date "2023.09.19"]
[Round "1"]
[White "Francisco_Ferrari"]
[Black "Gameking51"]
[Result "1-0"]
[WhiteElo "2371"]
[BlackElo "2612"]
[TimeControl "180+1"]
[EndTime "14:08:06 PDT"]
[Termination "Francisco_Ferrari won by resignation"]

1. e4 c5 2. Nf3 d6 3. d4 cxd4 4. Nxd4 Nf6 5. Nc3 a6 6. Be3 Ng4 7. Bg5 h6 8. Bh4 g5 9. Bg3 Bg7 10. Be2 h5 11. h4 gxh4 12. Bxh4 Nc6 13. Nf3 Qa5 14. O-O Bxc3 15. bxc3 Qxc3 16. Rb1 Rg8 17. Bg3 b5 18. Qd5 Bd7 19. Qxh5 Qxc2 20. Ng5 Nce5 21.
Bxe5 Nxe5 22. f4 Ng6 23. Nxf7 Kxf7 24. f5 Qc5+ 25. Rf2 Ke8 26. fxg6 Qxh5 27. Bxh5 Kd8 28. Rbf1 Kc7 29. Rf7 Rae8 30. g7 Be6 31. Rf8 Rxg7 32. Rxe8 Bxa2 33. Ra1 Bc4 34. Rxa6 b4 35. Ra7+ Kb6 36. Raxe7 Rg5 37. Bf3 Kc5 38. Rc8+ Kd4 39. Rec7 Bd3 40. Rb7 Ba6 41. Rxb4+ Ke3 42. Rc6 Be2 43.
Rc3+ Kd2 44. Ra3 Bxf3 45. Rxf3 Rc5 46. Rd4+ Ke2 47. Rxd6 Re5 48. Rf4 Re7 49. Rdf6 Ke1 50. Kh2 Rh7+ 51. Kg3 Rg7+ 52. Kf3 Rh7 53. g4 Rh3+ 54.
Kg2 Rh4 55. Kg3 Rh1 56. g5 Rg1+ 57. Kh4 Rg2 58. Rf1+ Ke2 59. R1f2+ Rxf2 60. Rxf2+ Kxf2 61. g6 1-0

[Event "Late-Titled-Tuesday-Blitz-September-19-2023"]
[Site "Chess.com"]
[Date "2023.09.19"]
[Round "1"]
[White "AlexNovitz"]
[Black "ErikRonka"]
[Result "1-0"]
[WhiteElo "2249"]
[BlackElo "2526"]
[TimeControl "180+1"]
[EndTime "14:08:11 PDT"]
[Termination "AlexNovitz won on time"]

1. e4 c5 2. Nf3 e6 3. d4 cxd4 4. Nxd4 Nf6 5. Nc3 d6 6. Be3 a6 7. h3 b5 8. a3 Bb7 9. Bd3 Nbd7 10. O-O Nc5 11. Bg5 h6 12. Bxf6 Qxf6 13. Nf3 g5 14.
Re1 Bg7 15. Nh2 O-O 16. Qh5 Nxd3 17. cxd3 Kh7 18. Rac1 Rac8 19. Ng4 Qg6 20. Qxg6+ Kxg6 21. Red1 Rc7 22. d4 Rfc8 23. f3 a5 24. e5 dxe5 25. Nxe5+ Kh7 26. Kf2 b4 27. axb4 axb4 28. Ne2 Bd5 29.
Rxc7 Rxc7 30. Rc1 Ra7 31. f4 f6 32. Nc6 Ra2 33. Nxb4 Rxb2 34. Nxd5 exd5 35. f5 Bf8 36.
Rc7+ Kg8 37. Rd7 Rb5 38. Nc3 Rb2+ 39. Kf1 Rd2 40. Rxd5 Bb4 41. Nb5 Rb2 42. Rd7 Bd2 43. Nc7 Bf4 44. Ne6 Bg3 45. Rd8+ Kf7 46. Rf8+ Ke7 47.
Rd8 Rb5 48. Ke2 Rxf5 49. Rh8 Kxe6 50. Rxh6 Rf2+ 51. Ke3 Rf1 52. d5+ 1-0

[Event "Late-Titled-Tuesday-Blitz-September-19-2023"]
[Site "Chess.com"]
[Date "2023.09.19"]
[Round "1"]
[White "bazar-wokzal"]
[Black "schachlana"]
[Result "1-0"]
[WhiteElo "2638"]
[BlackElo "2355"]
[TimeControl "180+1"]
[EndTime "14:08:12 PDT"]
[Termination "bazar-wokzal won by resignation"]

1. e4 c5 2. c3 e6 3. d4 cxd4 4. cxd4 d5 5. e5 Nc6 6. Nc3 Nge7 7. Nf3 h5 8. Bd3 Nf5 9. Be3 g6 10. O-O Be7 11. Ne2 g5 12. Ng3 g4 13.
Nxf5 exf5 14. Ne1 Bg5 15. Qd2 Rg8 16. f3 Nxd4 17. fxg4 fxg4 18. Bxg5 Qxg5 19. Qf2 Ne6 20. Qxf7+ Kd8 21. Rd1 Rf8 22. Qh7 Rxf1+ 23. Bxf1 Qxe5 24. Nd3 Qe3+ 25. Nf2 d4 26. Qxh5 Bd7 27. Qxg4 Rc8 28. Rd3 Qe5 29. Qh4+ Kc7 30. Ng4 Qd6 31. Ra3 Kb8 32. Qg3 Qxg3 33. Rxg3 Rc2 34. Rb3 Rc1 35. Kf2 Ng5 36. Bd3 Bxg4 37. h4 Ne6 38. Kg3 Bh5 39. Bf5 Nc5 40. Rb4 d3 41. Rd4 Rd1 42. Kf4 d2 43. g4 Rf1+ 44. Kg5 d1=Q 45. Rxd1 Rxd1 46. gxh5 Rg1+ 47. Kf6 Kc7 48. h6 Rg8 49. h7 Rf8+ 50. Kg7 Rd8 51. h8=Q Rxh8 52. Kxh8 Kd6 53. h5 Ke7 54. h6 Kf6 55. Kg8 Kxf5 56. h7 Nd7 57.
h8=Q Nf6+ 58. Kf7 1-0

[Event "Late-Titled-Tuesday-Blitz-September-19-2023"]
[Site "Chess.com"]
[Date "2023.09.19"]
[Round "1"]
[White "GlavkonVVS"]
[Black "Qvalda"]
[Result "1/2-1/2"]
[WhiteElo "2608"]
[BlackElo "2342"]
[TimeControl "180+1"]
[EndTime "14:08:15 PDT"]
[Termination "Game drawn by repetition"]

1. c4 e6 2. Nc3 Bb4 3. d4 Nf6 4.
Nf3 c5 5. dxc5 O-O 6. Bd2 Bxc5 7.
e3 b6 8. Bd3 Bb7 9. O-O Be7 10.
e4 d6 11. Qe2 Nbd7 12. Rfd1 Rc8 13. Rac1 a6 14. b3 Qc7 15. Bb1 Qb8 16. h3 Rfd8 17. Bf4 Nf8 18. e5 dxe5 19. Nxe5 Qa8 20. Na4 Bxg2 21.
Nxb6 Qb7 22. Nxc8 Rxc8 23. Qe3 Ng6 24. Nxg6 hxg6 25. Bd6 Bxd6 26. Rxd6 Nh5 27. Rcd1 Bh1 28. f3 Bxf3 29. Rd7 Qa8 30. Rf1 Qc6 31. Rxf7 Kxf7 32.
Qxf3+ Qxf3 33. Rxf3+ Nf6 34. Bd3 a5 35. Kf2 Ke7 36. Ke3 g5 37. Rf1 g4 38. Rg1 gxh3 39. Rxg7+ Kd6 40. Rg1 h2 41. Rh1 Rh8 42. Be2 Ke5 43.
Bf3 Rh3 44. Kf2 Kf4 45. Be2 Ne4+ 46. Kg2 Re3 47. Bf1 Ng3 48. Rxh2 Nxf1 49. Kxf1 Rc3 50. Re2 e5 51. Kf2 e4 52. Rb2 e3+ 53. Ke2 Ke4 54.
a3 Rc1 55. b4 axb4 56. axb4 Rh1 57. Rc2 Rh2+ 58. Kd1 Rh1+ 59. Ke2 Rh2+ 60. Kd1 Rh1+ 61. Ke2 1/2-1/2

[Event "Late-Titled-Tuesday-Blitz-September-19-2023"]
[Site "Chess.com"]
[Date "2023.09.19"]
[Round "1"]
[White "marik_spb"]
[Black "ukchessbomber"]
[Result "0-1"]
[WhiteElo "2411"]
[BlackElo "2698"]
[TimeControl "180+1"]
[EndTime "14:08:18 PDT"]
[Termination "ukchessbomber won by resignation"]

1. d4 b5 2. Nf3 Bb7 3. a4 b4 4.
a5 Nf6 5. e3 a6 6. Nbd2 e6 7.
Nb3 Be7 8. Bd3 O-O 9. Bd2 Ne4 10. O-O Nxd2 11. Nfxd2 d5 12. f4 Nd7 13. Qh5 g6 14. Qe2 c5 15. dxc5 Nxc5 16. Nxc5 Bxc5 17. Nb3 Ba7 18. Kh1 Qd6 19. Rad1 Rfe8 20. e4 dxe4 21. Bxe4 Bd5 22. Qd3 Rad8 23. Bxd5 Qxd5 24. Qxd5 exd5 25. Rfe1 Rc8 26. Rxe8+ Rxe8 27. g3 Re2 28. Rd2 Rxd2 29. Nxd2 Bd4 30. Nb3 Bxb2 31. Nc5 Bc3 32. Nxa6 b3 33.
cxb3 Bxa5 34. b4 Bb6 35. Kg2 Kf8 36. Kf3 Ke7 37. Nc5 Bxc5 38. bxc5 f5 39. Ke3 Kd7 40. Kd3 Kc7 41. Kc3 Kd7 42. Kd3 h6 43. h3 Kc7 44.
Kc3 Kd7 45. Kd3 g5 46. h4 gxh4 47. gxh4 Kc6 48. Kd4 h5 49. Ke5 Kxc5 50. Kxf5 d4 51. Ke4 Kc4 52. f5 d3 53. f6 d2 54. f7 d1=Q 55.
Ke5 Qd8 56. Ke6 Qf8 0-1

[Event "Late-Titled-Tuesday-Blitz-September-19-2023"]
[Site "Chess.com"]
[Date "2023.09.19"]
[Round "1"]
[White "Nick12772"]
[Black "SAInt_666"]
[Result "0-1"]
[WhiteElo "2377"]
[BlackElo "2660"]
[TimeControl "180+1"]
[EndTime "14:08:21 PDT"]
[Termination "SAInt_666 won by checkmate"]

1. Nf3 Nf6 2. g3 e6 3. Bg2 d5 4.
O-O Be7 5. d4 O-O 6. Nbd2 Nbd7 7. b3 b6 8. Bb2 Bb7 9. Re1 c5 10. c4 dxc4 11. Nxc4 cxd4 12. Qxd4 Bc5 13. Qh4 Qe7 14.
e3 Rfd8 15. Red1 Nf8 16. Nce5 Nd5 17. Qxe7 Bxe7 18. Nd4 Rac8 19. Rac1 Bf6 20. Ng4 Be7 21. Ne5 Bf6 22. Ng4 Nd7 23. Nxf6+ N7xf6 24. Nb5 a6 25. Na3 b5 26. Nb1 Kf8 27. Nc3 Nxc3 28. Rxd8+ Rxd8 29. Bxc3 Bxg2 30. Kxg2 Nd5 31. Bd4 Ra8 32. b4 f6 33. a3 e5 34. Bc5+ Kf7 35. Rd1 Ke6 36.
e4 Nc3 37. Rd6+ Kf7 38. Rd7+ Kg6 39. f3 h5 40. h3 Na4 41. Rd3 Rc8 42. Rd5 Nc3 43. Rd3 Na4 44. Rd5 a5 45. g4 hxg4 46. hxg4 Kf7 47. Rd7+ Kg6 48. Rd5 Nxc5 49. Rxc5 Rxc5 50.
bxc5 Kf7 51. Kf2 Ke6 52. Ke3 Kd7 53. Kd3 Kc6 54. Kc3 Kxc5 55. Kb3 b4 56. Ka4 bxa3 57. Kxa3 Kd4 58. Ka4 Ke3 59. Kxa5 Kxf3 60. Kb5 Kxe4 61. Kc5 Kf4 62. Kd5 Kxg4 63. Ke4 f5+ 64. Ke3 f4+ 65. Kf2 g5 66. Ke2 e4 67. Kf2 e3+ 68. Ke2 Kf5 69.
Kf3 Ke5 70. Ke2 Ke4 71. Ke1 g4 72. Kf1 f3 73. Kg1 g3 74. Kh1 e2 75. Kg1 e1=Q# 0-1

[Event "Late-Titled-Tuesday-Blitz-September-19-2023"]
[Site "Chess.com"]
[Date "2023.09.19"]
[Round "1"]
[White "Dr_crypt"]
[Black "Fy_Rakotomaharo"]
[Result "1/2-1/2"]
[WhiteElo "2444"]
[BlackElo "2729"]
[TimeControl "180+1"]
[EndTime "14:08:25 PDT"]
[Termination "Game drawn by repetition"]

1. d4 d5 2. c4 e6 3. Nc3 Bb4 4. cxd5 exd5 5. Qa4+ Nc6 6. Nf3 Nf6 7. Bf4 O-O 8. e3 Bd7 9. Qc2 Re8 10. Bd3 Bf8 11.
a3 h6 12. O-O a6 13. b4 Ne7 14.
Rab1 Nc8 15. a4 Bd6 16. Be5 c6 17. b5 axb5 18. axb5 Bg4 19. Bxd6 Qxd6 20. Ne5 Be6 21. bxc6 bxc6 22. Na4 Ne7 23. Rfc1 Nd7 24. Nb6 Nxb6 25.
Rxb6 Bd7 26. Rb7 Red8 27. h3 Be8 28. Qc5 Qxc5 29. Rxc5 Kf8 30. g4 Ra3 31. Bf1 Ra1 32.
Kg2 Rda8 33. Rc2 g5 34. Bd3 R1a3 35. Bf5 R3a7 36. Rcb2 f6 37. Nd3 Nxf5 38. gxf5 Bd7 39. Nc5 Bxf5 40. Rxa7 Rxa7 41. Rb6 Rc7 42. f3 Ke7 43. e4 Bc8 44. e5 Bf5 45. Kg3 h5 46.
h4 g4 47. fxg4 Bxg4 48. Kf4 Bc8 49. Rb8 Kf7 50. Ra8 Bg4 51. Ra6 fxe5+ 52. Kxe5 Ke7 53. Ra8 Be2 54. Rh8 Bg4 55. Rh7+ Kd8 56. Rh8+ Ke7 57.
Rh7+ Kd8 58. Rh8+ Ke7 1/2-1/2

[Event "Late-Titled-Tuesday-Blitz-September-19-2023"]
[Site "Chess.com"]
[Date "2023.09.19"]
[Round "1"]
[White "Jospem"]
[Black "whiteglovethief"]
[Result "1/2-1/2"]
[WhiteElo "3062"]
[BlackElo "2511"]
[TimeControl "180+1"]
[EndTime "14:08:30 PDT"]
[Termination "Game drawn - insufficient material"]

1. e4 e6 2. d4 d5 3. Nd2 c5 4. Ngf3 Nc6 5. dxc5 Bxc5 6. Bd3 Nf6 7. Qe2 Qc7 8. c3 O-O 9. O-O dxe4 10. Nxe4 Nxe4 11.
Qxe4 f5 12. Qc4 Bd6 13. Re1 Ne5 14. Nxe5 Bxe5 15. h3 Bh2+ 16. Kh1 Bd6 17. Qxc7 Bxc7 18. Bc4 Kf7 19. Be3 Kf6 20. Rad1 e5 21. Bc5 Rd8 22.
Rxd8 Bxd8 23. Bd6 e4 24. f3 Be6 25. Bxe6 Kxe6 26. Bg3 Kd5 27. fxe4+ fxe4 28. Rd1+ Kc5 29. Kg1 Bb6 30. Kf1 Rd8 31. Bf2+ Kc4 32. Rxd8 Bxd8 33. Ke2 a5 34. Bd4 Bf6 35. Bxf6 gxf6 36. Ke3 a4 37. Kxe4 a3 38. bxa3 Kxc3 39. Kf5 b5 40. Kxf6 Kb2 41. g4 Kxa2 42. h4 Kxa3 43. g5 b4 44. h5 b3 45.
g6 hxg6 46. hxg6 b2 47. g7 b1=Q 48. g8=Q Qf1+ 49. Ke5 Qe2+ 50. Kd4 Qd2+ 51. Ke4 Qc2+ 52.
Kf4 Qf2+ 53. Ke4 Qe2+ 54. Kf4 Qf2+ 55. Ke5 Qe2+ 56. Kd6 Qd3+ 57. Kc7 Qc3+ 58. Kd6 Qd3+ 59. Ke7 Qe3+ 60. Kf6 Qf4+ 61. Ke7 Qc7+ 62. Kf6 Qd6+ 63. Kf5 Qc5+ 64. Ke4 Qb4+ 65. Kf5 Qb5+ 66. Kf4 Qb4+ 67.
Ke3 Qc3+ 68. Ke2 Qb2+ 69. Kd1 Qb1+ 70. Kd2 Qb2+ 71. Kd1 Qb3+ 72. Qxb3+ Kxb3 1/2-1/2

[Event "Late-Titled-Tuesday-Blitz-September-19-2023"]
[Site "Chess.com"]
[Date "2023.09.19"]
[Round "1"]
[White "dropstoneDP"]
[Black "HajiyevKanan"]
[Result "1-0"]
[WhiteElo "3035"]
[BlackElo "2501"]
[TimeControl "180+1"]
[EndTime "14:08:31 PDT"]
[Termination "dropstoneDP won on time"]

1. e4 c6 2. Nf3 d5 3. Nc3 a6 4. d4 Bg4 5. h3 Bh5 6. g4 Bg6 7. exd5 cxd5 8. Ne5 Nc6 9. Nxg6 hxg6 10.
Bg2 e6 11. Ne2 Bd6 12. c3 Nf6 13. Be3 Qc7 14. Qd3 Na5 15. b3 Rc8 16. Rc1 Nc6 17.
Kf1 Ba3 18. Re1 Bd6 19. Bd2 Kf8 20. Ng1 Qa5 21. a4 Qb6 22. b4 a5 23. b5 Ne7 24.
Nf3 Qc7 25. Kg1 Ne4 26. Rxe4 dxe4 27. Qxe4 Nd5 28. Ng5 Bf4 29. Nxe6+ fxe6 30. Qxe6 Ne7 31. b6 Qd6 32. Qxd6 Bxd6 33. Bxb7 Rb8 34. Ba6 Rxb6 35.
Bb5 Rb8 36. c4 Bb4 37. Be3 Rd8 38. Kg2 Nc8 39. c5 Na7 40. Bc4 Nc6 41. d5 Ne5 42. Bb3 Rc8 43. c6 Nxc6 44. dxc6 Rxc6 45. Rd1 Ke7 46.
Bg5+ Rf6 47. Bc2 Rc8 48. Bxg6 Rc6 49. Bf5 Rc5 50. Rd7+ Ke8 51. Bxf6 gxf6 52. Rb7 Rc2 53. Bxc2 Bc5 54. Bd3 Bd4 55. Rb5 Bc3 56. Be2 Bb4 57.
f3 Ke7 58. h4 Kd6 59. h5 Ke7 60. Bd3 Kf7 61. Bf5 Kg7 62. Kf1 Kh6 63. Ke2 Bc3 64. Kd3 Be5 65. Be4 Kg5 66. Rxe5+ fxe5 67. Kc4 Kf4 68. Kb5 1-0

[Event "Late-Titled-Tuesday-Blitz-September-19-2023"]
[Site "Chess.com"]
[Date "2023.09.19"]
[Round "1"]
[White "arenal72"]
[Black "IgorBjelobrk"]
[Result "0-1"]
[WhiteElo "2419"]
[BlackElo "2707"]
[TimeControl "180+1"]
[EndTime "14:08:31 PDT"]
[Termination "IgorBjelobrk won by resignation"]

1. d4 e6 2. c4 b6 3. Nc3 Bb7 4. e4 Bb4 5. Bd3 f5 6. Qh5+ g6 7. Qe2 Nf6 8. f3 Nc6 9. Be3 O-O 10. e5 Nh5 11. O-O-O Bxc3 12. bxc3 Na5 13. Nh3 c5 14. dxc5 Qc7 15. Rhf1 Qxe5 16. g4 Qxc3+ 17. Kb1 Ng7 18.
Nf4 fxg4 19. fxg4 Rac8 20. Qb2 Qxb2+ 21. Kxb2 bxc5 22. Kc3 d5 23. cxd5 exd5 24. Bd2 c4 25. Bc2 Nc6 26. Ne2 Ne6 27. Be3 Rxf1 28. Rxf1 Rd8 29.
Nd4 Nexd4 30. Bxd4 Nxd4 31. Kxd4 Re8 32. Rb1 Bc6 33. Rd1 Re2 34. Bb1 Rxh2 35. Kc5 Be8 36.
Rxd5 Bf7 37. Rd1 Rg2 38. Rc1 Rxg4 39. Bc2 h5 40. Kc6 Kg7 41. Kd6 h4 42. Rf1 g5 43.
Ba4 Rf4 44. Rg1 Kf6 45. Bd7 Rd4+ 46. Kc6 c3 47. Rf1+ Ke7 48. Bf5 Rf4 49. Re1+ Kf6 50. Bc2 Bxa2 51. Re3 Rc4+ 52. Kb5 Rc8 53. Kb4 Be6 54.
Rf3+ Ke7 55. Re3 Kd6 56. Rd3+ Ke5 57. Re3+ Kd6 58. Rd3+ Bd5 59. Bb3 Rc5 60. Rd1 c2 61. Bxc2 Rxc2 62. Rg1 Rg2 63. Ra1 h3 64. Rxa7 h2 65.
Rh7 g4 66. Rh6+ Be6 0-1